2892 views
Uploaded 2020-04-19 13:37:36
Game version 1.32.3
28:48 long 1on1 ladder game on (2)NorthernIsles
Saved by Ouarf
2892 views
Uploaded 2020-04-19 13:37:36
Game version 1.32.3
28:48 long 1on1 ladder game on (2)NorthernIsles

53 units @ 5.9k
/ 0.8k
14 buildings @ 2.6k
/ 0.9k


| Staff of Preservation | 1 | 150 |
| Lesser Clarity Potion | 1 | 70 |
| Scroll of Town Portal | 2 | 700 |
| total: | 4 | 920g |
| Wisp | 30 | 1800 | / | 0 |
| Archer | 9 | 1170 | / | 90 |
| Huntress | 6 | 1170 | / | 120 |
| Mountain Giant | 3 | 1050 | / | 300 |
| Dryad | 5 | 725 | / | 300 |
| total: | 53 | 5915g | / | 810w |
| Altar of Elders | 1 | 180 | / | 50 |
| Moon Well | 8 | 1440 | / | 320 |
| Ancient of War | 1 | 150 | / | 60 |
| Hunter's Hall | 1 | 210 | / | 100 |
| Ancient of Wonders | 1 | 90 | / | 30 |
| Tree of Life | 1 | 340 | / | 185 |
| Ancient of Lore | 1 | 155 | / | 145 |
| Tree of Ages | 1 | 320 | / | 180 |
| Tree of Eternity | 1 | 330 | / | 200 |
| total: | 14 | 2565g | / | 890w |
| 0:03 | Wisp |
| 0:03 | Wisp |
| 0:07 | Altar of Elders |
| 0:11 | Moon Well |
| 0:18 | Wisp |
| 0:33 | Ancient of War |
| 0:38 | Wisp |
| 0:38 | Wisp |
| 0:38 | Wisp |
| 0:38 | Wisp |
| 0:38 | Wisp |
| 0:38 | Wisp |
| 0:46 | Wisp |
| 0:46 | Wisp |
| 0:46 | Wisp |
| 0:46 | Wisp |
| 0:46 | Wisp |
| 0:46 | Wisp |
| 0:47 | Wisp |
| 0:53 | Wisp |
| 0:53 | Wisp |
| 0:53 | Wisp |
| 0:53 | Wisp |
| 0:53 | Wisp |
| 0:54 | Wisp |
| 1:23 | Moon Well |
| 1:25 | Wisp |
| 1:34 | Archer |
| 1:34 | Archer |
| 1:34 | Archer |
| 1:34 | Archer |
| 1:34 | Archer |
| 1:35 | Archer |
| 2:08 | Mana Burn |
| 2:14 | Wisp |
| 2:14 | Wisp |
| 2:43 | Tree of Ages |
| 2:59 | Hunter's Hall |
| 3:16 | Moon Well |
| 3:25 | Ancient of Wonders |
| 4:03 | Ultravision |
| 4:04 | Huntress |
| 4:05 | Huntress |
| 5:31 | Wisp |
| 5:31 | Wisp |
| 5:42 | Forked Lightning |
| 6:27 | Strength of the Moon |
| 6:29 | Wisp |
| 6:29 | Wisp |
| 6:44 | Moon Well |
| 6:49 | Ancient of Lore |
| 6:55 | Moon Well |
| 7:16 | Huntress |
| 7:29 | Huntress |
| 7:40 | Tree of Eternity |
| 7:44 | Improved Strength of the Moon |
| 7:57 | Staff of Preservation |
| 8:01 | Lesser Clarity Potion |
| 8:55 | Evasion |
| 9:18 | Moon Well |
| 9:21 | Mountain Giant |
| 9:27 | Huntress |
| 9:31 | Moon Well |
| 10:15 | Frost Arrows |
| 10:25 | Reinforced Hides |
| 10:25 | Well Spring |
| 10:28 | Wisp |
| 10:30 | Hardened Skin |
| 10:32 | Huntress |
| 10:53 | Moon Well |
| 11:55 | Mountain Giant |
| 12:35 | Improved Reinforced Hides |
| 13:12 | Mountain Giant |
| 14:05 | Dryad |
| 14:06 | Abolish Magic |
| 14:09 | Strength of the Wild |
| 14:41 | Tree of Life |
| 14:46 | Resistant Skin |
| 15:51 | Mana Burn |
| 15:54 | Forked Lightning |
| 16:44 | Improved Strength of the Wild |
| 17:59 | Dryad |
| 17:59 | Dryad |
| 18:03 | Advanced Reinforced Hides |
| 18:06 | Archer |
| 18:06 | Archer |
| 18:06 | Archer |
| 18:21 | Scroll of Town Portal |
| 18:56 | Dryad |
| 19:28 | Advanced Strength of the Wild |
| 19:30 | Dryad |
| 20:56 | Scroll of Town Portal |
| 21:06 | Moon Armor |
| 23:03 | Evasion |
| 23:30 | Frost Arrows |
| 24:08 | Advanced Strength of the Moon |
| 24:46 | Forked Lightning |
| Right click | 933 |
| Select group | 240 |
| Select | 200 |
| Misc. action | 149 |
| Build/train/purchase | 122 |
| Use ability | 56 |
| Assign group | 50 |
| Chat | 11 |
| Esc | 7 |
| Item give/drop | 1 |
32 units @ 5.5k
/ 0.8k
19 buildings @ 3.1k
/ 1k


| Rod of Necromancy | 1 | 150 |
| Potion of Healing | 6 | 900 |
| Orb of Corruption | 1 | 375 |
| Potion of Mana | 3 | 600 |
| Boots of Speed | 1 | 250 |
| Potion of Lesser Invulnerability | 1 | 150 |
| total: | 13 | 2425g |
| Acolyte | 7 | 525 | / | 0 |
| Ghoul | 4 | 480 | / | 0 |
| Crypt Fiend | 17 | 3655 | / | 680 |
| Obsidian Statue | 4 | 800 | / | 140 |
| total: | 32 | 5460g | / | 820w |
| Spirit Tower | 6 | 870 | / | 240 |
| Altar of Darkness | 3 | 540 | / | 150 |
| Ziggurat | 10 | 1500 | / | 500 |
| Crypt | 1 | 200 | / | 50 |
| Tomb of Relics | 1 | 130 | / | 30 |
| Graveyard | 1 | 215 | / | 0 |
| Necropolis | 1 | 225 | / | 0 |
| Slaughterhouse | 2 | 280 | / | 270 |
| Halls of the Dead | 1 | 320 | / | 210 |
| Black Citadel | 1 | 325 | / | 230 |
| total: | 19 | 3090g | / | 1000w |
| 0:05 | Acolyte |
| 0:05 | Acolyte |
| 0:08 | Altar of Darkness |
| 0:09 | Ziggurat |
| 0:37 | Crypt |
| 0:51 | Tomb of Relics |
| 1:20 | Ziggurat |
| 1:37 | Ghoul |
| 1:58 | Graveyard |
| 2:00 | Ghoul |
| 2:07 | Unholy Aura |
| 2:08 | Rod of Necromancy |
| 2:54 | Halls of the Dead |
| 3:28 | Crypt Fiend |
| 3:32 | Ziggurat |
| 3:46 | Creature Attack |
| 4:01 | Crypt Fiend |
| 4:22 | Spirit Tower |
| 4:53 | Crypt Fiend |
| 5:10 | Crypt Fiend |
| 5:41 | Death Coil |
| 6:20 | Spirit Tower |
| 6:41 | Black Citadel |
| 7:02 | Web |
| 7:11 | Boots of Speed |
| 7:12 | Frost Nova |
| 7:29 | Slaughterhouse |
| 7:33 | Slaughterhouse |
| 7:55 | Crypt Fiend |
| 8:31 | Crypt Fiend |
| 8:33 | Burrow |
| 8:57 | Potion of Healing |
| 9:16 | Obsidian Statue |
| 9:23 | Ghoul |
| 9:23 | Ghoul |
| 9:46 | Crypt Fiend |
| 10:14 | Frost Armor |
| 10:22 | Destroyer Form |
| 10:22 | Crypt Fiend |
| 10:58 | Crypt Fiend |
| 10:59 | Obsidian Statue |
| 11:15 | Unholy Aura |
| 11:33 | Ziggurat |
| 11:33 | Ziggurat |
| 11:36 | Improved Creature Attack |
| 12:03 | Creature Carapace |
| 12:45 | Crypt Fiend |
| 12:57 | Frost Nova |
| 13:09 | Crypt Fiend |
| 13:18 | Advanced Creature Attack |
| 13:21 | Spirit Tower |
| 13:45 | Obsidian Statue |
| 14:08 | Improved Creature Carapace |
| 14:38 | Acolyte |
| 14:49 | Obsidian Statue |
| 15:02 | Death Coil |
| 15:43 | Unholy Strength |
| 15:45 | Crypt Fiend |
| 15:55 | Ziggurat |
| 16:04 | Potion of Lesser Invulnerability |
| 16:58 | Spirit Tower |
| 17:23 | Potion of Healing |
| 17:41 | Potion of Healing |
| 17:41 | Potion of Healing |
| 17:48 | Frost Armor |
| 18:23 | Ziggurat |
| 18:24 | Ziggurat |
| 18:41 | Altar of Darkness |
| 19:20 | Ziggurat |
| 19:58 | Acolyte |
| 20:44 | Necropolis |
| 20:51 | Ziggurat |
| 21:11 | Altar of Darkness |
| 22:10 | Spirit Tower |
| 22:11 | Spirit Tower |
| 22:41 | Death Coil |
| 23:18 | Frost Nova |
| 23:25 | Crypt Fiend |
| 23:25 | Crypt Fiend |
| 24:00 | Potion of Healing |
| 24:02 | Orb of Corruption |
| 24:27 | Potion of Mana |
| 24:50 | Potion of Healing |
| 25:01 | Acolyte |
| 25:01 | Acolyte |
| 26:12 | Potion of Mana |
| 26:23 | Acolyte |
| 27:20 | Crypt Fiend |
| 27:21 | Crypt Fiend |
| 27:35 | Potion of Mana |
| 28:31 | Crypt Fiend |
| Right click | 2438 |
| Select group | 1151 |
| Select | 469 |
| Assign group | 193 |
| Misc. action | 126 |
| Build/train/purchase | 101 |
| Use ability | 63 |
| Item give/drop | 7 |
| Chat | 7 |
| Esc | 6 |